 Dungeon Crawl Stone Soup version 0.19-a0-578-g4cfc824 (webtiles) character file.

27241 Ordine the Thaumaturge (level 13, -3/63 HPs)
             Began as a Deep Elf Wizard on June 9, 2016.
             Was a High Priest of Vehumet.
             Slain by a death yak (20 damage)
             ... on level 3 of the Lair of Beasts.
             The game lasted 01:43:51 (17432 turns).

Ordine the Thaumaturge (Deep Elf Wizard)           Turns: 17432, Time: 01:43:52

Health: -3/63      AC: 10    Str:  4    XL:     13   Next: 3%
Magic:  31/41      EV: 13    Int: 31    God:    Vehumet [*****.]
Gold:   455        SH:  0    Dex: 15    Spells: 9 memorised, 9 levels left

rFire  . . .     SeeInvis +     q - +6 falchion of Tesa {vamp, +Inv rN+ MR+}
rCold  . . .     Gourm    .     C - +1 robe {MR+}
rNeg   + . .     Faith    .     (no shield)
rPois  .         Spirit   .     F - +3 crown of Dyrovepreva {rElec Int+2 SInv}
rElec  +         Dismiss  .     (no cloak)
rCorr  .         Reflect  .     (no gloves)
SustAt .         Harm     .     x - +0 pair of boots
MR     ++++.                    z - amulet of magic regeneration
Stlth  ++........               m - +2 ring of protection
                                f - ring of magical power

@: very slightly contaminated, repel missiles, incredibly resistant to hostile
enchantments, unstealthy
A: molten scales 1, agile 1, magic resistance 1
a: Renounce Religion, Evoke Invisibility


You were on level 3 of the Lair of Beasts.
You worshipped Vehumet.
Vehumet was extremely pleased with you.
You were not hungry.

You visited 3 branches of the dungeon, and saw 14 of its levels.

You collected 639 gold pieces.
You spent 184 gold pieces at shops.

Inventory:

Hand Weapons
 q - the +6 falchion of Tesa (weapon) {vamp, +Inv rN+ MR+}
   (You bought it in a shop on level 4 of the Dungeon)

   It inflicts no extra harm, but heals its wielder somewhat when it strikes a
   living foe.
   It protects you from negative energy.
   It affects your resistance to hostile enchantments.
   It lets you turn invisible.
Armour
 x - a +0 pair of boots (worn)
 C - a +1 robe of magic resistance (worn)
 F - the +3 crown of Dyrovepreva (worn) {rElec Int+2 SInv}
   (You found it on level 9 of the Dungeon)

   It affects your intelligence (+2).
   It insulates you from electricity.
   It lets you see invisible.
Jewellery
 c - a cursed ring of positive energy
 f - a ring of magical power (left hand)
 m - a +2 ring of protection (right hand)
 z - an amulet of magic regeneration (around neck)
Wands
 i - a wand of confusion (8/48)
 n - a wand of hasting (3/9)
 s - a wand of disintegration (13/24)
 u - a wand of lightning (8/15)
Scrolls
 e - a scroll of blinking
 l - 6 scrolls of remove curse
 o - 4 scrolls of teleportation
 y - 2 scrolls of recharging
 A - a scroll of fog
 G - a scroll of identify
Potions
 a - a potion of cure mutation
 b - 8 potions of curing
 g - a potion of magic
 j - 4 potions of cancellation
 k - a potion of heal wounds
 r - a potion of flight
 t - a potion of resistance
 v - a potion of berserk rage
 D - 4 potions of brilliance
 E - 4 potions of agility
Books
 h - the Handbook of Attacks
   (You acquired it on level 3 of the Lair of Beasts)

   Spells                             Type                      Level
   a - Sting                          Conjuration/Poison           1
   b - Throw Flame                    Conjuration/Fire             2
   c - Conjure Flame                  Conjuration/Fire             3
   d - Throw Icicle                   Conjuration/Ice              4
   e - Iskenderun's Mystic Blast      Conjuration                  4
   f - Iron Shot                      Conjuration/Earth            6
Comestibles
 d - 10 bread rations
 p - 4 meat rations
 w - a beef jerky
 B - 7 chunks of flesh


   Skills:
 - Level 2.4 Dodging
 - Level 2.4 Stealth
 + Level 13.9 Spellcasting
 + Level 10.4 Conjurations
 * Level 6.3 Hexes
 - Level 3.0 Charms
   Level 1.1 Summonings
 - Level 3.0 Translocations
 + Level 10.4 Fire Magic
 + Level 9.3 Air Magic
 - Level 10.0 Evocations


You had 9 spell levels left.
You knew the following spells:

 Your Spells              Type           Power        Failure   Level  Hunger
a - Magic Dart            Conj           ####         1%          1    None
b - Blink                 Tloc           N/A          1%          2    None
c - Conjure Flame         Conj/Fire      ######..     1%          3    None
d - Mephitic Cloud        Conj/Pois/Air  ######..     1%          3    None
e - Dazzling Spray        Conj/Hex       ######       1%          3    None
f - Bolt of Magma         Conj/Fire/Erth ######....   1%          5    None
g - Fulminant Prism       Conj/Hex       ######....   1%          4    None
h - Delayed Fireball      Conj/Fire      N/A          9%          7    #####..
i - Repel Missiles        Chrm/Air       ######       1%          2    None


Dungeon Overview and Level Annotations

Branches:
Dungeon (9/15)             Temple (1/1) D:5            Lair (4/8) D:9
  Swamp: Lair:3-6    Shoals: Lair:3-6     Snake: Lair:3-6    Spider: Lair:3-6
    Orc: D:9-12

Altars:
Ashenzari
Cheibriados
Dithmenos
Elyvilon
Fedhas
Gozag
Hepliaklqana
Kikubaaqudgha
Makhleb
Nemelex Xobeh
Okawaru
Pakellas
Qazlal
Ru
Sif Muna
Trog
Uskayaw
Vehumet
Xom
Yredelemnul
Zin
The Shining One

Shops:
D:4 (*

Annotations:
D:7 Duffy's ghost, novice HuGl


Innate Abilities, Weirdness & Mutations

You are partially covered in molten scales. (AC +1)
You are agile. (Dex +2)
You are resistant to hostile enchantments. (MR+)


Message History

Casting: Bolt of Magma
Confirm with . or Enter, or press ? or * to list all spells.
Aiming: Bolt of Magma
Press: ? - help, Shift-Dir - straight line, f - death yak, p - death yak
Aim: a death yak The bolt of magma hits the death yak.
The death yak is almost dead.
The bolt of magma hits the death yak.
The death yak is moderately wounded.
The death yak gores you!! The death yak gores you!!
* * * LOW HITPOINT WARNING * * *
You climb upwards.
There is a stone staircase leading down here.
Casting: Bolt of Magma
Confirm with . or Enter, or press ? or * to list all spells.
You miscast Blink.
You are very lightly contaminated with residual magic.
You spin around.
The death yak gores you!!
You die...

#....P##......#..#.##........#
##.#....#..##....###........##
####..######....# ###.....## #
##..###......# #......# #
#.....P....## ##...P#####
###........## ##.......#.
#.........# ###..........
####.....P###...#.#.#....
##...@Y.....#######P..
##...#....## ###. ###รท.....#.#
##. ### #####..........##### #.#
#.###.#........##...##P#######
###.P..........######.....#.##.#
#............### ##...........
###.#......### #............
##.#.....# ####..#......


You could see a death yak.

Vanquished Creatures
  A hydra (Lair:2)
  Erica (D:8)
  9 death yaks
  Pikel (D:4)
  11 elephants
  A rime drake (Lair:3)
  4 spiny frogs
  2 komodo dragons
  9 blink frogs (Lair:3)
  16 yaks
  Eustachio (D:4)
  A basilisk (Lair:4)
  9 hippogriffs
  A steam dragon (D:8)
  Menkaure (D:4)
  Duvessa (D:4)
  6 water moccasins
  7 porcupines
  3 slaves (D:4)
  4 phantoms
  10 ice beasts
  2 sky beasts
  A black bear (D:6)
  3 ogres
  An eye of draining (D:9)
  2 centaurs
  2 necrophages
  14 wolves
  5 crocodiles
  13 giant frogs
  A scorpion (D:5)
  Dowan (D:4)
  4 killer bees (D:8)
  3 wights (D:6)
  4 crimson imps
  A howler monkey (D:4)
  A giant frog zombie (D:8)
  A quasit (D:9)
  2 jellies
  7 orc priests
  11 orc wizards
  2 centaur skeletons
  4 hounds
  3 giant frog skeletons
  Natasha (thrice) (D:4)
  11 worker ants
  13 iguanas
  A howler monkey zombie (D:3)
  Robin (D:2)
  8 adders
  79 river rats
  A shadow imp (D:9)
  An ooze (D:4)
  An adder zombie (D:8)
  3 worms
  4 dart slugs
  4 giant geckos
  24 orcs
  12 bats
  8 giant cockroaches
  7 hobgoblins
  9 jackals
  8 kobolds
  2 quokkas
  A giant gecko zombie (D:9)
  5 giant newts
  15 goblins
  9 rats
  4 fulminant prisms
  A plant (D:9)
422 creatures vanquished.

Vanquished Creatures (others)
  A sky beast (D:9)
  50 fulminant prisms
  10 fungi
  7 plants
68 creatures vanquished.

Grand Total: 490 creatures vanquished

Notes
Turn   | Place    | Note
--------------------------------------------------------------
     0 | D:1      | Ordine the Deep Elf Wizard began the quest for the Orb.
     0 | D:1      | Reached XP level 1. HP: 10/10 MP: 7/7
   238 | D:1      | Reached XP level 2. HP: 15/15 MP: 5/9
   242 | D:1      | Learned a level 2 spell: Blink
   320 | D:1      | Reached skill level 5 in Spellcasting
   994 | D:1      | Reached XP level 3. HP: 12/19 MP: 11/11
   999 | D:1      | Learned a level 3 spell: Conjure Flame
  1003 | D:1      | Learned a level 3 spell: Mephitic Cloud
  1006 | D:1      | Learned a level 2 spell: Repel Missiles
  1099 | D:2      | Noticed Robin
  1112 | D:2      | Killed Robin
  1427 | D:2      | Reached XP level 4. HP: 22/24 MP: 12/13
  1703 | D:2      | Reached skill level 6 in Spellcasting
  2141 | D:2      | Found a radiant altar of Vehumet.
  2145 | D:2      | Became a worshipper of Vehumet
  2286 | D:3      | Noticed a dagger
  2286 | D:3      | Noticed a dagger
  2287 | D:3      | Found a hide-covered altar of Uskayaw.
  2313 | D:3      | disintegration
  2601 | D:2      | Reached XP level 5. HP: 28/28 MP: 16/16
  2887 | D:3      | Reached skill level 7 in Spellcasting
  3106 | D:4      | Found a sparkling altar of Nemelex Xobeh.
  3121 | D:4      | Reached skill level 1 in Charms
  3121 | D:4      | Reached XP level 6. HP: 21/32 MP: 18/18
  3180 | D:4      | Noticed Dowan
  3186 | D:4      | Reached skill level 1 in Fire Magic
  3186 | D:4      | Reached skill level 1 in Air Magic
  3202 | D:4      | Killed Dowan
  3358 | D:4      | Noticed Duvessa
  3369 | D:4      | Killed Duvessa
  3369 | D:4      | Reached XP level 7. HP: 21/36 MP: 13/19
  3522 | D:4      | Noticed Eustachio
  3536 | D:4      | Killed Eustachio
  3536 | D:4      | Reached skill level 1 in Evocations
  3854 | D:4      | Reached * piety under Vehumet
  3854 | D:4      | Offered knowledge of Sandblast by Vehumet.
  3901 | D:4      | Noticed Natasha
  3917 | D:4      | Killed Natasha
  3936 | D:4      | Reached skill level 8 in Spellcasting
  4111 | D:4      | Found Etwa's Antique Weapon Boutique.
  4114 | D:4      | Bought a warped falchion for 184 gold pieces
  4116 | D:4      | Found a glowing silver altar of Zin.
  4116 | D:4      | Found Zin's Purification Station.
  4118 | D:4      | Noticed Pikel
  4208 | D:4      | Noticed Menkaure
  4220 | D:4      | Killed Menkaure
  4220 | D:4      | Reached XP level 8. HP: 33/41 MP: 20/22
  4588 | D:4      | Noticed Natasha
  4615 | D:4      | Found a basalt altar of Yredelemnul.
  4641 | D:4      | Killed Natasha
  4898 | D:4      | Noticed Natasha
  4906 | D:4      | Killed Natasha
  5001 | D:4      | Killed Pikel
  5001 | D:4      | Reached skill level 5 in Conjurations
  5080 | D:5      | Entered Level 5 of the Dungeon
  5106 | D:5      | Reached skill level 9 in Spellcasting
  5360 | D:5      | Found a staircase to the Ecumenical Temple.
  5369 | Temple   | Entered the Ecumenical Temple
  5617 | D:5      | Reached XP level 9. HP: 45/45 MP: 10/24
  5717 | D:5      | Found a shimmering altar of Xom.
  5717 | D:5      | Found a burning altar of Makhleb.
  6015 | D:6      | Learned a level 5 spell: Bolt of Magma
  6253 | D:6      | Found a white marble altar of Elyvilon.
  6280 | D:6      | Reached skill level 5 in Fire Magic
  6419 | D:6      | Identified the +6 falchion of Tesa {vamp, +Inv rN+ MR+} (You bought it in a shop on level 4 of the Dungeon)
  6449 | D:6      | Offered knowledge of Freeze by Vehumet.
  6453 | D:6      | Reached ** piety under Vehumet
  7079 | D:7      | Noticed Duffy's ghost (novice HuGl)
  7105 | D:7      | Gained mutation: You are resistant to hostile enchantments. (MR+) [potion of mutation]
  7105 | D:7      | Gained mutation: You are partially covered in molten scales. (AC +1) [potion of mutation]
  7105 | D:7      | Gained mutation: You are agile. (Dex +2) [potion of mutation]
  7424 | D:7      | Found a sacrificial altar of Ru.
  7541 | D:7      | Reached skill level 5 in Evocations
  8220 | D:8      | Reached skill level 10 in Spellcasting
  8220 | D:8      | Reached skill level 5 in Air Magic
  8293 | D:8      | Found an ancient bone altar of Kikubaaqudgha.
  8915 | D:8      | Offered knowledge of Static Discharge by Vehumet.
  9010 | D:8      | Reached XP level 10. HP: 50/50 MP: 26/26
  9037 | D:8      | Noticed Erica
  9059 | D:8      | Killed Erica
  9510 | D:8      | Reached *** piety under Vehumet
  9943 | D:9      | Found a staircase to the Lair.
 10014 | D:9      | Offered knowledge of Fulminant Prism by Vehumet.
 10020 | D:9      | Learned a level 4 spell: Fulminant Prism
 10021 | D:9      | Found an oddly glowing altar of Pakellas.
 10046 | D:9      | Reached skill level 11 in Spellcasting
 10728 | Lair:1   | Entered Level 1 of the Lair of Beasts
 11249 | Lair:1   | You fall through a shaft!
 12032 | Lair:2   | Reached **** piety under Vehumet
 12155 | Lair:2   | Noticed an eight-headed hydra
 12161 | Lair:2   | Noticed a spiny frog
 12163 | Lair:2   | Killed an eight-headed hydra
 12163 | Lair:2   | Reached XP level 11. HP: 54/54 MP: 13/28
 12482 | Lair:2   | Offered knowledge of Dazzling Spray by Vehumet.
 12548 | Lair:1   | Learned a level 3 spell: Dazzling Spray
 13114 | Lair:2   | Reached skill level 12 in Spellcasting
 13141 | Lair:2   | Reached ***** piety under Vehumet
 13163 | Lair:2   | Offered knowledge of Ozocubu's Refrigeration by Vehumet.
 13898 | Lair:3   | Noticed a death yak
 13900 | Lair:3   | Noticed a death yak
 13939 | Lair:3   | Noticed a death yak
 13939 | Lair:3   | Noticed a death yak
 13940 | Lair:3   | Noticed a death yak
 13941 | Lair:3   | Noticed a death yak
 13982 | Lair:2   | Killed a death yak
 14265 | Lair:3   | Reached skill level 10 in Conjurations
 14265 | Lair:3   | Reached XP level 12. HP: 55/59 MP: 9/30
 14267 | Lair:3   | Reached skill level 1 in Hexes
 14811 | Lair:3   | Identified a scroll of acquirement
 14814 | Lair:3   | Identified the Handbook of Attacks (You acquired it on level 3 of the Lair of Beasts)
 15561 | Lair:2   | Killed a death yak
 15561 | Lair:2   | Reached skill level 13 in Spellcasting
 15863 | Lair:3   | Killed a death yak
 15865 | Lair:3   | Killed a death yak
 15868 | Lair:3   | Killed a death yak
 15868 | Lair:3   | Reached skill level 10 in Fire Magic
 15896 | Lair:3   | Killed a death yak
 16119 | Lair:4   | Offered knowledge of Delayed Fireball by Vehumet.
 16128 | Lair:4   | Learned a level 7 spell: Delayed Fireball
 16168 | Lair:4   | Reached skill level 10 in Evocations
 16263 | Lair:4   | Noticed a death yak
 16266 | Lair:4   | Noticed a death yak
 16266 | Lair:4   | Noticed a death yak
 16273 | Lair:4   | Noticed a death yak
 16276 | Lair:4   | Noticed a death yak
 16278 | Lair:3   | Killed a death yak
 16801 | Lair:3   | Reached skill level 5 in Hexes
 17111 | Lair:3   | Killed a death yak
 17336 | Lair:4   | Killed a death yak
 17336 | Lair:4   | Reached XP level 13. HP: 62/63 MP: 7/32
 17432 | Lair:3   | Slain by a death yak

Vault maps used:
D:1:      roderic_crossed_star, minmay_liquid_box,
          hangedman_abyss_or_decor_stabs, kennysheep_minor_cross
D:2:      marbit_many_paths, serial_corexii_hall, corexii_hall_statues_l,
          corexii_hall_statues_x, corexii_hall_statues_x, uniq_robin
D:3:      kennysheep_big_flooded_room, dancing_weapons_uskayaw
D:4:      overflow_temple_1_default, kennysheep_mini_moat, zin_purify,
          first_bread, serial_shops, nicolae_shop_behind_doors, uniq_eustachio,
          uniq_duvessa, uniq_menkaure, uniq_natasha, uniq_pikel
D:5:      grunt_temple_overflow_champion_of_chaos,
          minmay_temple_entry_overgrown, serial_bayou_crossing
D:6:      elyvilon_altar_3
D:7:      nicolae_ru_awakened_eye
D:8:      kiku_gazebo_garden_becter, uniq_erica
D:9:      overflow_temple_1_default, david_lair_shrubbed
Temple:   circular_temple_12
Lair:2:   portal_ice_cave_entry_ice_beasts, grunt_megastairs_3
Lair:3:   grunt_megastairs_5

Skill      XL: |  1  2  3  4  5  6  7  8  9 10 11 12 |
---------------+-------------------------------------+-----
Spellcasting   | 5 6 7 8 9 10 11 12 13 | 13.9
Conjurations   | 2 3 4 5 7 8 10 | 10.4
Translocations | 2 3 |  3.0
Charms         | 1 2 3 |  3.0
Fire Magic     | 1 3 4 6 7 9 10 | 10.4
Air Magic      | 1 3 4 5 6 8 9 |  9.3
Evocations     | 2 4 5 7 8 10 | 10.0
Hexes          | 6 |  6.3
Dodging        | |  2.4
Stealth        | |  2.4
Summonings     | |  1.1

Action                   |  1- 3 |  4- 6 |  7- 9 | 10-12 | 13-15 || total
-------------------------+-------+-------+-------+-------+-------++-------
Melee: Dagger            |       |       |     4 |       |       ||     4
       Falchion          |       |       |       |    14 |       ||    14
 Cast: Magic Dart        |   107 |   132 |   512 |   300 |       ||  1051
       Conjure Flame     |     1 |     3 |    19 |    11 |       ||    34
       Repel Missiles    |     1 |       |     1 |       |       ||     2
       Mephitic Cloud    |       |     5 |    26 |     9 |       ||    40
       Blink             |       |     1 |    13 |    14 |       ||    28
       Bolt of Magma     |       |       |       |   207 |     5 ||   212
       Fulminant Prism   |       |       |       |    54 |       ||    54
  Use: Scroll            |     7 |     6 |     9 |    15 |       ||    37
       Potion            |     1 |     2 |     5 |       |       ||     8
  Eat: Chunk             |     1 |     5 |    15 |    26 |       ||    47
       Beef jerky        |       |       |     2 |       |       ||     2
       Meat ration       |       |       |     1 |     1 |       ||     2
Armor: Skin              |     4 |       |       |       |       ||     4
       Robe              |     1 |     8 |    20 |    56 |       ||    85
Dodge: Dodged            |    11 |    24 |    62 |   113 |       ||   210
       Deflected         |       |     1 |     4 |       |       ||     5
